 Dungeon Crawl Stone Soup version 0.27-a0-906-g0a00ce863d (webtiles) character file.

Game seed: 7863393836292593909

10 Anon1729 the Gusty (level 2, -7/22 HPs)
             Began as a Kobold Air Elementalist on Apr 7, 2021.
             Mangled by Sigmund
             ... wielding a +4 scythe of distortion
              (10 damage)
             ... on level 2 of the Dungeon.
             The game lasted 00:04:48 (1432 turns).

Anon1729 the Gusty (Kobold Air Elementalist)        Turns: 1432, Time: 00:04:49

Health: -7/22      AC: 21    Str:  5    XL:     2   Next: 30%
Magic:  0/5        EV:  3    Int: 16    God:
Gold:   0          SH:  0    Dex: 15    Spells: 4/5 levels left

rFire    . . .     SeeInvis .   (weapon restricted)
rCold    . . .     Faith    .   (shield restricted)
rNeg     + + +     Spirit   .   (armour currently unavailable)
rPois    +         Reflect  .   (helmet currently unavailable)
rElec    .         Harm     .   (cloak currently unavailable)
rCorr    .         Rampage  .   (gloves currently unavailable)
Will     .....     NoTele   +   (boots currently unavailable)
Stlth    +++.......             (no amulet)
HPRegen  0.07/turn              (no ring)
MPRegen  0.09/turn              (no ring)

@: tree-form (expiring)
A: stationary, stasis, torment immunity, boosted hp, small, no large weapons,
nightstalker 3, (hooves 1), sense surroundings 1
a: no special abilities


You were on level 2 of the Dungeon.
You were a tree.
You visited 1 branch of the dungeon, and saw 2 of its levels.

Inventory:

Armour
 a - a +0 robe (melded)
Jewellery
 f - an amulet of guardian spirit
Scrolls
 b - a scroll of identify
 c - a scroll of amnesia
 e - a scroll of enchant armour


   Skills:
 + Level 2.6 Dodging
 + Level 3.0 Stealth
 + Level 2.3 Spellcasting
 + Level 1.2 Conjurations
 + Level 3.1 Air Magic


You had 4 spell levels left.
You knew the following spells:

 Your Spells              Type           Power      Damage    Failure   Level
a - Shock                 Conj/Air       32%        1d5       9%          1

Your spell library contained the following spells:

 Spells                   Type           Power      Damage    Failure   Level
 Swiftness                Air            11%        N/A       9%          2
 Corona                   Hex            1%         N/A       21%         1
 Static Discharge         Conj/Air       8%         N/A       24%         3
 Ensorcelled Hibernation  Hex/Ice        2%         N/A       30%         2
 Dazzling Flash           Conj/Hex       6%         N/A       43%         3
 Airstrike                Air            5%         N/A       50%         4
 Confusing Touch          Hex            1%         N/A       52%         3
 Tukima's Dance           Hex            1%         N/A       52%         3
 Lightning Bolt           Conj/Air       4%         1d15      92%         5


Dungeon Overview and Level Annotations

Branches:
Dungeon (2/15)

Altars:

Shops:
D:2 *

Annotations:
D:2 Sigmund


Innate Abilities, Weirdness & Mutations

You are a tree.
Your roots penetrate the ground, keeping you stationary.
You cannot be teleported.
You are immune to unholy pain and torment.
Your maximum health is greatly increased.
Your equipment is partially melded.
You are small and have problems with some larger weapons.
You are completely attuned to the shadows.
((You have large cloven feet.))
You passively map a small area around you.


Message History

Casting: Shock (safe; 9% risk of failure)
Confirm with . or Enter, or press ? or * to list all spells.
Aiming: Shock (safe; 9% risk of failure)
Press: ? - help, Shift-Dir - straight line Something hits you but does no damage.
You feel better.
A magic dart appears from out of thin air!
The magic dart hits you but does no damage.
Really quaff the potion of mutation?
You feel extremely strange.
You feel robust.
You feel clumsy.
Your feet thicken and deform.
You feel less energetic.
You feel more energetic.
You feel a strange attunement to the structure of the dungeons.
Something hits you but does no damage.
Unknown command.
You aren't carrying any items that you can evoke.
As you read the scroll labelled ASUMEL WICY, it crumbles to dust.
It is a scroll of identify.
c - a scroll of amnesia Your transformation is almost over.
You hear some strange, mumbled words.
A puff of flame appears from out of thin air!
The puff of flame hits you but does no damage.
As you read the scroll of identify, it crumbles to dust.
e - a scroll of enchant armour Something hits you but does no damage.
Space warps horribly around you!
Ouch! That really hurt!
* * * LOW HITPOINT WARNING * * *
Casting: Shock (safe; 9% risk of failure)
Confirm with . or Enter, or press ? or * to list all spells.
Aiming: Shock (safe; 9% risk of failure)
Press: ? - help, Shift-Dir - straight line You hear a zap.
You aren't carrying any potions.
You swing at nothing.
You hear some strange, mumbled words.
A puff of flame appears from out of thin air!
The puff of flame hits you but does no damage.
You swing at nothing.
Something hits you!
You die...

#############
#..........♣#
..##.#####.#.#.#*
#.##.# ......{..
, #.##.#
#.#.#.#.###
#.##.###.#.#####
** #........**
###.##.#### ,
....##.#
###.#...,


There were no monsters in sight!

Vanquished Creatures
  A ball python (D:1)
  2 endoplasms
  A giant cockroach (D:2)
  A hobgoblin (D:2)
  2 bats
  A frilled lizard (D:2)
  2 kobolds (D:2)
10 creatures vanquished.

Vanquished Creatures (others)
  A plant (D:2)
1 creature vanquished.

Grand Total: 11 creatures vanquished

Notes
Turn   | Place    | Note
-------+----------+-------------------------------------------
     0 | D:1      | Anon1729 the Kobold Air Elementalist began the quest for
                  | the Orb.
     0 | D:1      | Reached XP level 1. HP: 10/10 MP: 3/3
   827 | D:2      | Reached XP level 2. HP: 15/15 MP: 1/5
   907 | D:2      | Found Onejerep's General Store.
  1414 | D:2      | Noticed Sigmund
  1421 | D:2      | Gained mutation: You have a pair of small horns on your
                  | head. [potion of mutation]
  1421 | D:2      | Lost mutation: You have a pair of small horns on your head.
                  | [potion of mutation]
  1421 | D:2      | Gained mutation: You are frail. (-10% HP) [potion of
                  | mutation]
  1421 | D:2      | Gained mutation: You are agile. (Dex +2) [potion of
                  | mutation]
  1427 | D:2      | Lost mutation: You are frail. (-10% HP) [potion of
                  | mutation]
  1427 | D:2      | Lost mutation: You are agile. (Dex +2) [potion of mutation]
  1427 | D:2      | Gained mutation: You have large cloven feet. [potion of
                  | mutation]
  1427 | D:2      | Gained mutation: Your magical capacity is low. (-10% MP)
                  | [potion of mutation]
  1427 | D:2      | Lost mutation: Your magical capacity is low. (-10% MP)
                  | [potion of mutation]
  1427 | D:2      | Gained mutation: You passively map a small area around you.
                  | [potion of mutation]
  1432 | D:2      | Mangled by Sigmund

Illustrated notes

Levels and vault maps discovered:
D:1:      dpeg_arrival_erosion, layout_basic
D:2:      layout_loops_ring, serial_shops, shop, serial_co_window_serial,
          co_window_paths_a, co_window_of_opportunity_a, co_window_corner_a,
          co_window_cross_1, co_window_of_opportunity_a, co_window_broadway_c,
          co_window_of_opportunity_b, co_window_broadway_c, co_window_4corner_b,
          glass_columns_b, glass_columns_a, glass_columns_a, glass_columns_a,
          glass_columns_b, serial_bayou_crossing, uniq_sigmund

Skill      XL: |  1  2 |
---------------+-------+-----
Stealth        | 3 |  3.0
Dodging        | |  2.6
Spellcasting   | |  2.3
Conjurations   | |  1.2
Air Magic      | |  3.1

Action                   || total
-------------------------++-------
Melee: Unarmed           ||    18
 Cast: Shock             ||    29
  Use: Potion            ||     4
       Scroll            ||     2
Armor: Robe              ||     6
       Skin              ||    10
Dodge: Dodged            ||    19

Table legend: (Time is in decaauts)
 A = Elapsed time spent in this place.
 B = Non-inter-level travel time spent in this place.
 C = Inter-level travel time spent in this place.
 D = Time resting spent in this place.
 E = Time spent auto-exploring this place.
 F = Levels seen in this place.
 G = Mean time per level.
                   A        B        C        D        E       F      G
               +--------+--------+--------+--------+--------+-----+--------+
         Total |   1441 |   1441 |      0 |    280 |   1033 |   2 |  720.5 |
       Dungeon |   1441 |   1441 |      0 |    280 |   1033 |   2 |  720.5 |
               +--------+--------+--------+--------+--------+-----+--------+

Top non-repeatable levels by time:
     D:2: 1178 daAuts
     D:1: 263 daAuts
